 Dungeon Crawl Stone Soup version 0.27-a0-1154-gfdeffcb720 (webtiles) character file.

Game seed: 13943969718418896375

121 voltaire321 the Ducker (level 5, -1/41 HPs)
             Began as a Merfolk Gladiator on May 14, 2021.
             Killed by divine providence
             ... invoked by an orc priest
              (15 damage)
             ... on level 3 of the Dungeon.
             The game lasted 00:03:59 (2695 turns).

voltaire321 the Ducker (Merfolk Gladiator)          Turns: 2695, Time: 00:03:59

Health: -1/41      AC:  4    Str: 14    XL:     5   Next: 5%
Magic:  5/5        EV: 13    Int:  9    God:
Gold:   91         SH:  4    Dex: 15    Spells: 4/4 levels left

rFire    . . .     SeeInvis .   a - +0 long sword
rCold    . . .     Faith    .   h - +0 buckler
rNeg     . . .     Spirit   .   b - +0 leather armour
rPois    .         Reflect  .   c - +0 helmet
rElec    .         Harm     .   (no cloak)
rCorr    .         Rampage  .   (no gloves)
Will     .....                  (no boots)
Stlth    +.........             (no amulet)
HPRegen  0.13/turn              (no ring)
MPRegen  0.09/turn              (no ring)

@: no status effects
A: (nimble swimmer 2), mertail
a: no special abilities


You were on level 3 of the Dungeon.
You visited 1 branch of the dungeon, and saw 3 of its levels.

You collected 91 gold pieces.

Inventory:

Hand Weapons
 a - a +0 long sword (weapon)
Missiles
 d - 3 throwing nets (quivered)
Armour
 b - a +0 leather armour (worn)
 c - a +0 helmet (worn)
 h - a +0 buckler (worn)
Scrolls
 g - a scroll of fear {unknown}
 j - a scroll of amnesia {unknown}
 l - a scroll of magic mapping {unknown}
Potions
 e - 2 potions of degeneration {unknown}
 f - a potion of heal wounds {unknown}
 i - a potion of mutation {unknown}
 k - a potion of ambrosia {unknown}


   Skills:
 + Level 3.1 Fighting
 + Level 4.0 Long Blades
 + Level 2.8 Throwing
 + Level 5.0 Dodging
 + Level 1.3 Shields


You had 4 spell levels left.
You didn't know any spells.
Your spell library was empty.

Dungeon Overview and Level Annotations

Branches:
Dungeon (3/15)

Altars:


Innate Abilities, Weirdness & Mutations

((You are quick and stealthy near water. (Stealth+, EV+, Speed+++)))
Your lower body shifts to a powerful aquatic tail in water.


Message History

The orc is heavily wounded.
The orc priest looks braver for a moment.
The orc hits you with a +0 club.
You slash the orc!
You kill the orc!
The orc priest looks braver for a moment.
Your Dodging skill increases to level 5!
You hit the orc but do no damage. The orc hits you with a +0 hand axe.
You closely miss the orc. The orc misses you. The orc closely misses you.
You riposte.
You barely miss the orc. You closely miss the orc. The orc misses you.
You hit the orc.
The orc is almost dead.
The orc hits you with a +0 hand axe.
You hit the orc.
You kill the orc!
You slash the orc priest!
The orc priest is heavily wounded.
The orc priest invokes the aid of Beogh against you.
Pain shoots through your body!
You hit the orc priest.
The orc priest is heavily wounded.
The orc priest completely misses you.
You riposte.
You closely miss the orc priest.
The orc priest is heavily wounded.
The orc priest misses you.
You closely miss the orc priest.
The orc priest is heavily wounded.
The orc priest barely misses you.
You riposte.
You barely miss the orc priest.
The orc priest is heavily wounded.
You barely miss the orc priest.
The orc priest is heavily wounded.
A rat comes into view.
The orc priest calls down the wrath of Beogh upon you.
Pain shoots through your body!
You hit the orc priest.
The orc priest is severely wounded.
The orc priest mumbles some strange prayers to Beogh against you.
Beogh smites you!
You die...

#
.####.######
.r....o@.<.#
.####.####.#
# #.# #.#
#.# #.# #.#
#.# #.#


You could see an orc priest and a rat.

Vanquished Creatures
  An iguana (D:2)
  4 adders
  A dart slug (D:3)
  7 orcs
  8 ball pythons
  An endoplasm (D:1)
  A goblin (D:1)
  6 hobgoblins
  9 jackals
  4 quokkas
  2 bats (D:1)
  2 frilled lizards
  2 rats (D:1)
48 creatures vanquished.

Notes
Turn   | Place    | Note
-------+----------+-------------------------------------------
     0 | D:1      | voltaire321 the Merfolk Gladiator began the quest for the
                  | Orb.
     0 | D:1      | Reached XP level 1. HP: 16/16 MP: 1/1
   283 | D:1      | Reached XP level 2. HP: 23/23 MP: 2/2
  1234 | D:1      | Reached XP level 3. HP: 24/28 MP: 3/3
  1543 | D:2      | Reached XP level 4. HP: 21/34 MP: 4/4
  1813 | D:2      | Reached skill level 1 in Shields
  2683 | D:3      | Reached XP level 5. HP: 39/41 MP: 5/5
  2686 | D:3      | Reached skill level 5 in Dodging
  2695 | D:3      | Killed from afar by an orc priest

Illustrated notes

Levels and vault maps discovered:
D:1:      dpeg_arrival_simpleton_b, layout_basic, grunt_decor_clamped,
          grunt_decor_one_mirror
D:2:      layout_rooms, kennysheep_generic_room_6
D:3:      layout_loops_ring, basic_ecumenical_altar, minmay_misc_feat_iff,
          uniq_purgy, uniq_sigmund

Skill      XL: |  1  2  3  4  5 |
---------------+----------------+-----
Fighting       | 3 |  3.1
Shields        | 1 |  1.3
Long Blades    | 4 |  4.0
Dodging        | 5 |  5.0
Throwing       | |  2.8

Action                   |  1- 3 |  4- 6 || total
-------------------------+-------+-------++-------
Melee: Long sword        |    71 |    85 ||   156
Armor: Leather armour    |    24 |    15 ||    39
Dodge: Dodged            |    74 |    68 ||   142
Block: Buckler           |     6 |    27 ||    33
       Rpst.: Long sword |    28 |    28 ||    56

Table legend: (Time is in decaauts)
 A = Elapsed time spent in this place.
 B = Non-inter-level travel time spent in this place.
 C = Inter-level travel time spent in this place.
 D = Time resting spent in this place.
 E = Time spent auto-exploring this place.
 F = Levels seen in this place.
 G = Mean time per level.
                   A        B        C        D        E       F      G
               +--------+--------+--------+--------+--------+-----+--------+
         Total |   2734 |   2645 |     89 |    571 |   1647 |   3 |  911.3 |
       Dungeon |   2734 |   2645 |     89 |    571 |   1647 |   3 |  911.3 |
               +--------+--------+--------+--------+--------+-----+--------+

Top non-repeatable levels by time:
     D:1: 1403 daAuts
     D:2: 1025 daAuts
     D:3: 306 daAuts
